 Dungeon Crawl Stone Soup version 0.21.1-1-g345015f (webtiles) character file.

303 Draznyth the Poker (level 6, -8/53 HPs)
             Began as a Centaur Fighter on Apr 23, 2018.
             Mangled by Pooter's ghost (9 damage)
             ... on level 4 of the Dungeon.
             The game lasted 00:07:04 (3519 turns).

Draznyth the Poker (Centaur Fighter)                Turns: 3519, Time: 00:07:05

Health: -8/53      AC:  6    Str: 19    XL:     6   Next: 15%
Magic:  6/6        EV:  5    Int:  8    God:
Gold:   167        SH:  8    Dex:  9    Spells: 5/5 levels left

rFire    . . .     SeeInvis .   a - +0 trident
rCold    . . .     Gourm    .   c - +0 shield
rNeg     . . .     Faith    .   b - +0 scale mail
rPois    .         Spirit   .   (no helmet)
rElec    .         Reflect  .   (no cloak)
rCorr    .         Harm     .   (no gloves)
MR       .....                  (no barding)
Stlth    ..........             (no amulet)
HPRegen  0.17/turn              (no ring)
MPRegen  0.10/turn              (no ring)

@: lethally poisoned (-8 -> -9), very quick
A: large, hooves 3, deformed body, speed 2, tough skin 3
a: no special abilities


You were on level 4 of the Dungeon.
You were not hungry.

You visited 1 branch of the dungeon, and saw 4 of its levels.

You collected 167 gold pieces.

Inventory:

Hand Weapons
 a - a +0 trident (weapon)
 k - a +0 hunting sling
Missiles
 l - 20 bolts
 n - 40 arrows
 p - 30 sling bullets
Armour
 b - a +0 scale mail (worn)
 c - a +0 shield (worn)
Jewellery
 h - an uncursed amulet of regeneration {unknown}
 o - an uncursed ring of stealth {unknown}
Scrolls
 e - 2 scrolls of enchant weapon {unknown}
 f - a scroll of immolation {unknown}
 g - 2 scrolls of teleportation {unknown}
 j - a scroll of blinking {unknown}
 m - 2 scrolls of remove curse {unknown}
 t - a scroll of identify {unknown}
Potions
 d - 2 potions of resistance {unknown}
 i - a potion of invisibility {unknown}
 s - a potion of curing {unknown}
Books
 q - a book of Maledictions

   Spells                             Type                      Level
   a - Corona                         Hexes                        1
   b - Ensorcelled Hibernation        Hexes/Ice                    2
   c - Confuse                        Hexes                        3
   d - Tukima's Dance                 Hexes                        3
   e - Dazzling Spray                 Conjuration/Hexes            3
Comestibles
 r - a ration


   Skills:
 + Level 4.6 Fighting
 * Level 5.0 Polearms
 - Level 2.1 Armour
 - Level 2.1 Shields


You had 5 spell levels left.
You didn't know any spells.

Dungeon Overview and Level Annotations

Branches:
Dungeon (4/15)
 Temple: D:4-7

Altars:

Annotations:
D:3 1 runed door, exclusion: door
D:4 Pooter's ghost, amateur GrBe


Innate Abilities, Weirdness & Mutations

You have hooves in place of feet.
Armour fits poorly on your strangely shaped body.
You cover ground very quickly.
You have extremely tough skin. (AC +3)


Message History

Pooter's ghost hits you but does no damage.
You puncture Pooter's ghost! Your kick misses Pooter's ghost.
Pooter's ghost is severely damaged.
The adder bites you but does no damage. You block Pooter's ghost's attack.
You closely miss Pooter's ghost.
Pooter's ghost is severely damaged.
The adder completely misses you. Pooter's ghost hits you!
* * * LOW HITPOINT WARNING * * *
You block the adder's attack.
You barely miss Pooter's ghost.
You kick Pooter's ghost, but do no damage.
Pooter's ghost is severely damaged.
* * * LOW HITPOINT WARNING * * *
You feel sick. The adder barely misses you.
Pooter's ghost hits you but does no damage.
Unknown command.
You barely miss Pooter's ghost. You kick Pooter's ghost.
Pooter's ghost is severely damaged.
The adder barely misses you. Pooter's ghost hits you!
You die...

.......+ ......#
#.....#
#.....##+###
#..........#
#..........#
#+###....S.....'
#.......@W.....#
#....#'###.....#
#....'<..# ....#
#....#...# ....
#....#...# ...
..... ##### ..
#.... . #...
#...


You could see Pooter's ghost and an adder.

Vanquished Creatures
  A hungry ghost (D:3)
  An orc priest (D:3)
  An orc wizard (D:3)
  3 adders
  An ooze (D:3)
  3 worms
  A dart slug (D:1)
  A leopard gecko (D:3)
  8 orcs (D:3)
  6 bats
  3 giant cockroaches
  7 goblins
  6 hobgoblins
  3 jackals
  8 kobolds
  A quokka (D:3)
  A ball python (D:3)
  9 frilled lizards
  3 rats (D:3)
67 creatures vanquished.

Notes
Turn   | Place    | Note
-------+----------+-------------------------------------------
     0 | D:1      | Draznyth the Centaur Fighter began the quest for the Orb.
     0 | D:1      | Reached XP level 1. HP: 19/19 MP: 1/1
    86 | D:1      | Reached skill level 2 in Polearms
   235 | D:1      | Reached XP level 2. HP: 26/26 MP: 2/2
   998 | D:2      | Reached XP level 3. HP: 31/31 MP: 3/3
  1049 | D:2      | Reached skill level 3 in Polearms
  2204 | D:3      | Reached XP level 4. HP: 24/40 MP: 4/4
  2207 | D:3      | Noticed a hungry ghost
  2228 | D:3      | HP: 2/40 [hungry ghost (2)]
  2236 | D:3      | HP: 1/40 [hungry ghost (3)]
  2240 | D:3      | Killed a hungry ghost
  2240 | D:3      | Reached skill level 4 in Polearms
  2240 | D:3      | Reached XP level 5. HP: 1/46 MP: 5/5
  2917 | D:3      | Reached XP level 6. HP: 10/53 MP: 6/6
  2926 | D:3      | HP: 2/53 [orc/tomahawk (1)]
  3258 | D:3      | Found a runed door.
  3359 | D:3      | Reached skill level 5 in Polearms
  3504 | D:4      | Noticed Pooter's ghost (amateur GrBe)
  3517 | D:4      | HP: 2/53 [Pooter's ghost (13)]
  3519 | D:4      | Mangled by Pooter's ghost

Skill      XL: |  1  2  3  4  5  6 |
---------------+-------------------+-----
Polearms       | 2 3 4 5 |  5.0
Fighting       | 4 |  4.6
Armour         | |  2.1
Shields        | |  2.1

Action                   |  1- 3 |  4- 6 || total
-------------------------+-------+-------++-------
Melee: Trident           |   108 |   109 ||   217
       Kick              |    23 |    20 ||    43
  Use: Potion            |       |     1 ||     1
  Eat: Chunk             |     3 |     5 ||     8
       Ration            |       |     2 ||     2
Armor: Scale mail        |    60 |    37 ||    97
Dodge: Dodged            |    20 |    18 ||    38
Block: Shield            |    37 |    30 ||    67
